 Dungeon Crawl Stone Soup version 0.22-a0-614-g34fbaa0 (webtiles) character file.

209 Firecrotchwizard the Chopper (level 5, -1/47 HPs)
             Began as a Hill Orc Fighter on July 15, 2018.
             Slain by an orc priest
             ... wielding a +0 hand axe
              (4 damage)
             ... on level 4 of the Dungeon.
             The game lasted 00:03:34 (2409 turns).

Firecrotchwizard the Chopper (Hill Orc Fighter)     Turns: 2409, Time: 00:03:34

Health: -1/47      AC: 12    Str: 20    XL:     5   Next: 87%
Magic:  5/5        EV:  5    Int:  8    God:
Gold:   154        SH:  9    Dex: 10    Spells: 4/4 levels left

rFire    . . .     SeeInvis .   a - +0 war axe
rCold    + . .     Gourm    .   c - +0 shield
rNeg     . . .     Faith    .   t - +3 chain mail {rC+}
rPois    .         Spirit   .   (no helmet)
rElec    .         Reflect  .   (no cloak)
rCorr    .         Harm     .   (no gloves)
MR       .....                  (no boots)
Stlth    ..........             (no amulet)
HPRegen  0.15/turn              (no ring)
MPRegen  0.09/turn              (no ring)

@: no status effects
A: no striking features
a: Convert to Beogh


You were on level 4 of the Dungeon.
You were not hungry.

You visited 1 branch of the dungeon, and saw 4 of its levels.

You collected 154 gold pieces.

Inventory:

Hand Weapons
 a - a +0 war axe (weapon)
Armour
 c - a +0 shield (worn)
 o - a +0 chain mail of fire resistance
   (You found it on level 1 of the Dungeon)
 t - a +3 chain mail of cold resistance (worn)
   (You took it off Terence on level 2 of the Dungeon)
 u - a +0 helmet
   (You took it off Robin on level 3 of the Dungeon)
Wands
 m - a wand of flame (38)
   (You took it off Ijyb on level 3 of the Dungeon)
Scrolls
 e - 3 scrolls of identify {unknown}
 g - a scroll of remove curse {unknown}
 h - a scroll of noise {unknown}
 j - 2 scrolls of random uselessness {unknown}
 n - 3 scrolls of immolation {unknown}
 p - a scroll of amnesia {unknown}
 r - a scroll of teleportation {unknown}
 v - a scroll of enchant weapon {unknown}
Potions
 d - 3 potions of might
 i - a potion of curing {unknown}
 k - a potion of brilliance {unknown}
 l - a potion of heal wounds {unknown}
 q - a potion of resistance {unknown}
 s - a potion of agility {unknown}
 w - a potion of cancellation {unknown}
Comestibles
 b - 3 chunks of flesh {@w0}
 f - 8 rations {@e1}


   Skills:
 + Level 4.6 Fighting
 * Level 5.3 Axes
 + Level 4.3 Armour
 + Level 4.2 Shields


You had 4 spell levels left.
You didn't know any spells.
Your spell library was empty.

Dungeon Overview and Level Annotations

Branches:
Dungeon (4/15)
 Temple: D:4-7

Altars:
Trog
Xom
The Shining One

Annotations:
D:3 1 runed door


Message History

f - 8 rations {@e1} (gained 1) Some of the chunks of flesh in your inventory have rotted away.
Health restored: 47 Partly explored, unopened runed door.
(D) Dungeon
Where to? (Enter - D:3, ? - help)
There is a stone staircase leading down here.
You climb downwards.
Found an escape hatch in the floor.
There is a stone staircase leading up here.
A hound comes into view.
The hound barks!
The hound bites you but does no damage.
You miss the hound. You block the hound's attack.
The hound bites you but does no damage.
You slash the hound! You block the hound's attack. The hound bites you.
You take 1 damage, and have 46/47 hp.
You miss the hound. You block the hound's attack.
A giant cockroach comes into view.
You completely miss the hound. The hound bites you but does no damage.
You block the hound's attack. x2
You hit the hound.
You kill the hound!
Your Axes skill increases to level 5!
Your chain mail prevents you from hitting the giant cockroach.
The giant cockroach bites you. You block the giant cockroach's attack.
You take 1 damage, and have 45/47 hp.
You hit the giant cockroach.
The giant cockroach bites you but does no damage. x2
You hit the giant cockroach.
You kill the giant cockroach!
No target in view!
You butcher the hound corpse.
b - 3 chunks of flesh {@w0} (gained 2)
Found a stone staircase leading down.
Health restored: 47 An orc comes into view.
It is wielding a quarterstaff.
An orc priest comes into view. It is wielding a club.
The orc priest threatens, "By the altar or by the axe, you will meet Beogh!" (press Y on the ability menu to convert to Beogh)
The orc priest invokes the aid of Beogh against you.
Beogh smites you!
You take 9 damage, and have 38/47 hp.
You start resting.
The orc is too close now for your liking.
You slash the orc!
You kill the orc!
You start resting.
The orc priest is too close now for your liking.
A ball python, an orc and an orc priest come into view.
The orc is wielding a falchion of draining.
The orc priest shouts!
The orc shouts!
The orc throws a tomahawk.
The tomahawk hits you but does no damage.
The orc priest hits you but does no damage.
Things that are here:
a tomahawk; a quarterstaff You slash the orc priest!
An orc priest comes into view. It is wielding a dagger.
The orc priest barely misses you. You block the ball python's attack.
The ball python grabs you. The ball python constricts you.
Your shield and chain mail prevent you from hitting the ball python.
You completely miss the orc priest. You block the ball python's attack.
The ball python constricts you.
The orc priest invokes the aid of Beogh against you.
Pain shoots through your body!
You take 9 damage, and have 30/47 hp.
You are too injured to fight recklessly!
You are too injured to fight recklessly!
You slash the orc priest!
You kill the orc priest!
You hit the ball python. You block the ball python's attack.
The ball python constricts you.
The orc priest mumbles some strange prayers to Beogh against you.
Beogh smites you!
The orc priest calls down the wrath of Beogh upon you.
Beogh smites you!
* * * LOW HITPOINT WARNING * * *
You block the ball python's attack. The ball python constricts you.
You take 27 damage, and have 3/47 hp.
MASSIVE DAMAGE!!
You hit the ball python.
You kill the ball python!
The orc priest looks braver for a moment.
The orc priest begins to cast a cantrip, but forgets the words!
The orc priest hits you but does no damage.
You see here a ring mail.
The orc priest shouts, "Beogh is our master!
Accept the truth or die!"
You hit the orc priest.
The orc priest threatens, "By the altar or by the axe, you will meet Beogh!"
You hit the orc. You block the orc's attack.
The orc priest calls upon Beogh to heal the orc priest.
The orc priest's wounds heal themselves!
The orc priest hits you but does no damage.
You slash the orc priest! You hit the orc.
You kill the orc!
The orc priest looks satisfied for a moment.
The orc priest hits you with a hand axe.
You die...

#.# #.# #..... #.#
#.# #..### #.# #.#
#..### #.# #.# #.>...
#####.# #.#####..##
#.....#####..........
#..........#######.##
#...)(..............
#..o@#.....#######
#...)#.....#
#....####### #.o...#
#...... ........
......... .......###


You could see 2 orc priests.

Vanquished Creatures
  A hound (D:4)
  An orc priest (D:4)
  Ijyb (D:3)
  Terence (D:2)
  Robin (D:3)
  An adder (D:3)
  A worm (D:3)
  2 dart slugs (D:1)
  A leopard gecko (D:2)
  4 orcs
  2 ball pythons
  5 bats
  2 giant cockroaches
  11 goblins
  13 hobgoblins
  3 jackals (D:1)
  5 kobolds
  A quokka (D:2)
  5 frilled lizards
  4 rats
65 creatures vanquished.

Notes
Turn   | Place    | Note
-------+----------+-------------------------------------------
     0 | D:1      | Firecrotchwizard the Hill Orc Fighter began the quest for the Orb.
     0 | D:1      | Reached XP level 1. HP: 19/19 MP: 1/1
   168 | D:1      | Reached skill level 3 in Axes
   196 | D:1      | Reached XP level 2. HP: 27/27 MP: 2/2
   503 | D:1      | Found a glowing golden altar of the Shining One.
   696 | D:1      | Reached XP level 3. HP: 33/33 MP: 3/3
  1160 | D:2      | Reached skill level 4 in Fighting
  1364 | D:2      | Noticed Terence
  1378 | D:2      | Killed Terence
  1378 | D:2      | Reached skill level 4 in Axes
  1378 | D:2      | Reached XP level 4. HP: 28/40 MP: 4/4
  1647 | D:2      | Found a bloodstained altar of Trog.
  1864 | D:3      | Noticed Ijyb
  1882 | D:3      | Killed Ijyb
  1882 | D:3      | Reached skill level 4 in Armour
  1882 | D:3      | Reached skill level 4 in Shields
  1908 | D:3      | Reached XP level 5. HP: 37/47 MP: 5/5
  1981 | D:3      | Noticed Robin
  1991 | D:3      | Killed Robin
  2016 | D:3      | Found a shimmering altar of Xom.
  2029 | D:3      | Found a shimmering altar of Xom.
  2043 | D:3      | Found a shimmering altar of Xom.
  2043 | D:3      | Found a shimmering altar of Xom.
  2043 | D:3      | Found a shimmering altar of Xom.
  2228 | D:3      | Found a runed door.
  2371 | D:4      | Reached skill level 5 in Axes
  2405 | D:4      | HP: 3/47 [orc priest/divine providence (13)]
  2409 | D:4      | Slain by an orc priest

Vault maps used:
D:1:      onia_arrival_mini_maze, tso_metal_star
D:2:      cheibrodos_helix_gallery, hangedman_decor_growths,
          trog_butcher_becter, uniq_terence
D:3:      solitary_fountain, xom_redecorated, uniq_robin, uniq_ijyb,
          uniq_crazy_yiuf_cottage
D:4:      hangedman_feature_mirror

Skill      XL: |  1  2  3  4  5 |
---------------+----------------+-----
Axes           | 3 4 5 |  5.3
Fighting       | 4 |  4.6
Armour         | 4 |  4.3
Shields        | 4 |  4.2

Action                   |  1- 3 |  4- 6 || total
-------------------------+-------+-------++-------
Melee: War axe           |   121 |   108 ||   229
  Eat: Chunk             |     2 |     3 ||     5
Armor: Scale mail        |    27 |       ||    27
       Chain mail        |    38 |    53 ||    91
Dodge: Dodged            |    36 |    24 ||    60
Block: Shield            |    70 |    61 ||   131

Table legend:
 A = Spawn XP
 B = Non-spawn XP
 C = Spawn XP percentage of total XP
 D = Spawn monster count
 E = Non-spawn monster count
 F = Spawn count percentage of total count
 G = Total turns spent on level
                    A         B        C        D         E        F      G
               +---------+---------+-------+---------+---------+-------+---------
         Total |       0 |     299 |   0.0 |       0 |      65 |   0.0 |  2409
               +---------+---------+-------+---------+---------+-------+---------
           D:1 |       0 |      36 |   0.0 |       0 |      19 |   0.0 |   924
           D:2 |       0 |      64 |   0.0 |       0 |      17 |   0.0 |   887
           D:3 |       0 |     106 |   0.0 |       0 |      23 |   0.0 |   539
           D:4 |       0 |      93 |   0.0 |       0 |       6 |   0.0 |    59
               +---------+---------+-------+---------+---------+-------+---------

Vault maps used:
D:1:      onia_arrival_mini_maze, tso_metal_star
D:2:      cheibrodos_helix_gallery, hangedman_decor_growths,
          trog_butcher_becter, uniq_terence
D:3:      solitary_fountain, xom_redecorated, uniq_robin, uniq_ijyb,
          uniq_crazy_yiuf_cottage
D:4:      hangedman_feature_mirror

Table legend:
 A = Turns spent in this place as a percentage of turns spent in the entire game.
 B = Non-inter-level travel turns spent in this place as a percentage of non-inter-level travel turns spent in the entire game.
 C = Inter-level travel turns spent in this place as a percentage of turns spent in this place.
 D = Turns resting spent in this place as a percentage of non-inter-level travel turns spent in this place.
 E = Turns spent auto-exploring this place as a percentage of non-inter-level travel turns spent in this place.
 F = Non-inter-level travel turns spent in this place divided by the number of levels of this place that you've seen.
                   A       B       C       D       E      F
               +-------+-------+-------+-------+-------+----------------------
         Total | 100.0 | 100.0 |   5.5 |   7.6 |  74.3 | 569.0
       Dungeon | 100.0 | 100.0 |   5.5 |   7.6 |  74.3 | 569.0
               +-------+-------+-------+-------+-------+----------------------

Table legend:
 A = Kills in this place as a percentage of kills in entire the game.
 B = Kills by you in this place as a percentage of kills by you in the entire game.
 C = Kills by friends in this place as a percentage of kills by friends in the entire game.
 D = Other kills in this place as a percentage of other kills in the entire game.
 E = Experience gained in this place as a percentage of experience gained in the entire game.
 F = Experience gained in this place divided by the number of levels of this place that you have seen.
                   A       B       C       D       E      F
               +-------+-------+-------+-------+-------+----------------------
         Total | 100.0 | 100.0 |   N/A |   N/A | 100.0 |  74.8
       Dungeon | 100.0 | 100.0 |   N/A |   N/A | 100.0 |  74.8
               +-------+-------+-------+-------+-------+----------------------
